 Dungeon Crawl Stone Soup version 0.26-a0-651-gb41185065b (webtiles) character file.

Game seed: 9700709624870074223

10 Peloso the Skirmisher (level 2, 12/24 HPs)
             Began as a Demonspawn Fighter on Sept 28, 2020.
             Got out of the dungeon alive.
             The game lasted 00:01:21 (431 turns).

Peloso the Skirmisher (Demonspawn Fighter)           Turns: 431, Time: 00:01:21

Health: 12/24      AC:  6    Str: 16    XL:     2   Next: 10%
Magic:  2/2        EV:  7    Int:  9    God:
Gold:   29         SH:  8    Dex: 12    Spells: 1/1 levels left

rFire    . . .     SeeInvis .   a - +0 long sword
rCold    . . .     Faith    .   c - +0 kite shield
rNeg     . . .     Spirit   .   b - +0 scale mail
rPois    .         Reflect  .   (helmet restricted)
rElec    .         Harm     .   (no cloak)
rCorr    .         Rampage  .   (no gloves)
MR       .....                  (no boots)
Stlth    ..........             (no amulet)
HPRegen  0.08/turn              (no ring)
MPRegen  0.08/turn              (no ring)

@: no status effects
A: horns 1
a: no special abilities


You escaped.
You visited 1 branch of the dungeon, and saw 1 of its levels.

You collected 29 gold pieces.

Inventory:

Hand Weapons
 a - a +0 long sword (weapon)
Missiles
 f - 20 bolts
Armour
 b - a +0 scale mail (worn)
 c - a +0 kite shield (worn)
Scrolls
 e - a scroll of remove curse {unknown}
Potions
 d - a potion of might


   Skills:
 + Level 3.1 Fighting
 + Level 1.8 Long Blades
 + Level 2.9 Armour
 + Level 0.5 Dodging
 + Level 2.8 Shields


You had one spell level left.
You didn't know any spells.
Your spell library was empty.

Dungeon Overview and Level Annotations

Branches:
Dungeon (1/15)

Altars:


Innate Abilities, Weirdness & Mutations

You have a pair of small horns on your head.


Message History

You closely miss the hobgoblin. The hobgoblin hits you with a +0 club.
You barely miss the hobgoblin.
The hobgoblin hits you but does no damage.
You hit the hobgoblin but do no damage. The hobgoblin hits you with a +0 club.
You slash the hobgoblin!
You kill the hobgoblin!
Things that are here:
a +0 club; a hobgoblin corpse You now have 29 gold pieces (gained 15).
(D) Dungeon
Where to? (? - help)
What level of the Dungeon? (default 1, ? - help)
You see here a frilled lizard skeleton.
There is an open door here.
As you open the door, it creaks loudly!
There is an open door here.
There is an open door here.
There is a staircase leading out of the dungeon here.
Are you sure you want to leave the Dungeon?
This will make you lose the game!
You have escaped!

####.........# .....
#...........## ......
#'#......(..#### ......
#.##.###.#.....# ......
#'##.....#.###.# ......##
#.######.#.# #.# ........
##'## #.#.# #.#
.......#####...#####.#.#
#.# #.'.'.'.@.'.+.'.#.# #.#
#####.#####...#####.#+###.#
#...†.....##'##........##.#
#..........#.##.#.#.......#
#........#.#+##.#.#.....###
#........#.#.##.#.#.....#
#........#.#'##'#'#...#.#
#.....................#.#
#..........#.......†..#.#


There were no monsters in sight!

Vanquished Creatures
  3 hobgoblins (D:1)
  A bat (D:1)
  A frilled lizard (D:1)
  A kobold (D:1)
  6 rats (D:1)
12 creatures vanquished.

Notes
Turn   | Place    | Note
-------+----------+-------------------------------------------
     0 | D:1      | Peloso the Demonspawn Fighter began the quest for the Orb.
     0 | D:1      | Reached XP level 1. HP: 18/18 MP: 1/1
   387 | D:1      | Gained mutation: You have a pair of small horns on your
                  | head. [demonic ancestry]
   387 | D:1      | Reached XP level 2. HP: 17/24 MP: 2/2
   431 | D:$      | Got out of the dungeon alive.

Illustrated notes

Levels and vault maps discovered:
D:1:      minmay_arrival_doors, layout_basic

Action                   || total
-------------------------++-------
Melee: Long sword        ||    37
Armor: Scale mail        ||    37
Dodge: Dodged            ||    15
Block: Kite shield       ||    24
       Rpst.: Long sword ||     4

Table legend: (Time is in decaauts)
 A = Elapsed time spent in this place.
 B = Non-inter-level travel time spent in this place.
 C = Inter-level travel time spent in this place.
 D = Time resting spent in this place.
 E = Time spent auto-exploring this place.
 F = Levels seen in this place.
 G = Mean time per level.
                   A        B        C        D        E       F      G
               +--------+--------+--------+--------+--------+-----+--------+
         Total |    445 |    414 |     31 |      0 |    288 |   1 |  445.0 |
       Dungeon |    445 |    414 |     31 |      0 |    288 |   1 |  445.0 |
               +--------+--------+--------+--------+--------+-----+--------+

Top non-repeatable levels by time:
     D:1: 445 daAuts
